 Dungeon Crawl Stone Soup version 0.30-a0-779-g7971cf19c3 (webtiles) character file.

Game seed: 12159858806603971993

136 drewk1942 the Conjurer (level 4, 0/49 HPs)
             Began as a Draconian Conjurer on Feb 17, 2023.
             Succumbed to Ijyb's poison
             ... on level 3 of the Dungeon.
             The game lasted 00:02:41 (2717 turns).

drewk1942 the Conjurer (Draconian Conjurer)         Turns: 2717, Time: 00:02:42

Health: 0/49       AC: 22    Str:  9    XL:     4   Next: 98%
Magic:  4/8        EV:  2    Int: 21    God:
Gold:   113        SH:  0    Dex:  9    Spells: 2/9 levels left

rFire   . . .      SeeInvis .    p - +0 short sword (venom)
rCold   . . .      Faith    .    (no shield)
rNeg    . . .      Spirit   .    (body armour unavailable)
rPois   +          Reflect  .    (helmet currently unavailable)
rElec   .          Harm     .    (cloak currently unavailable)
rCorr   .          Rampage  .    (gloves currently unavailable)
Will    .....      NoTele   +    (boots currently unavailable)
Stlth   ++                       (no amulet)
HPRegen 0.28/turn                (no ring)
MPRegen 0.11/turn                (no ring)

@: lethally poisoned (0 -> -14), tree-form
A: stationary, stasis, torment immunity, boosted hp, AC +5, unfitting armour,
(cold-blooded)
a: no special abilities


You were on level 3 of the Dungeon.
You were a tree.
You visited 1 branch of the dungeon, and saw 3 of its levels.

You collected 113 gold pieces.

Inventory:

Hand Weapons
 m - a +0 halberd
 p - a +0 short sword of venom (weapon)
Armour
 f - a +0 pair of boots (melded)
 k - a +1 hat (melded)
Scrolls
 b - 2 scrolls of enchant armour {unknown}
 c - a scroll of immolation {unknown}
 g - 2 scrolls of fog {unknown}
 h - 2 scrolls of identify {unknown}
 i - 2 scrolls of enchant weapon {unknown}
 n - a scroll of blinking {unknown}
 o - a scroll of teleportation {unknown}
 q - a scroll of fear {unknown}
Potions
 a - a potion of magic
 d - a potion of lignification
 e - 2 potions of curing {unknown}
 j - a potion of might {unknown}
 l - a potion of brilliance {unknown}
 r - a potion of attraction {unknown}


   Skills:
 - Level 1.7 Dodging
 - Level 1.7 Stealth
 + Level 3.0 Spellcasting
 * Level 5.4 Conjurations
 + Level 1.2 Hexes


You had 2 spell levels left.
You knew the following spells:

 Your Spells              Type           Power      Damage    Failure   Level
a - Magic Dart            Conj           100%       1d8       1%          1
b - Searing Ray           Conj           52%        2d6       2%          2
c - Fulminant Prism       Conj/Hex       8%         3d7       32%         4

Your spell library contained the following spells:

 Spells                   Type           Power      Damage    Failure   Level
 Foxfire                  Conj/Fire      56%        2x1d6     4%          1
 Cigotuvi's Dreadful Rot  Necr/Pois/Air  6%         N/A       21%         2
 Dazzling Flash           Conj/Hex       34%        N/A       10%         3
 Ignite Poison            Fire/Tmut/Pois 3%         N/A       36%         3
 Iskenderun's Mystic Bla  Conj/Tloc      14%        2d5       38%         4
 Sticky Flame             Conj/Fire      14%        2d4       38%         4
 Fireball                 Conj/Fire      7%         3d5       75%         5
 Dispel Undead            Necr           3%         3d7       78%         4
 Death Channel            Necr           1%         N/A       100%        6
 Starburst                Conj/Fire      7%         6d4       100%        6
 Ignition                 Fire           1%         3d3       100%        8


Dungeon Overview and Level Annotations

Branches:
Dungeon (3/15)

Altars:

Annotations:
D:3 Ijyb


Innate Abilities, Weirdness & Mutations

You are a tree.
Your roots penetrate the ground, keeping you stationary.
You cannot be teleported.
You are immune to unholy pain and torment.
Your maximum health is greatly increased.
Your equipment is partially melded.
((Your plain brown scales are hard. (AC +5)))
You cannot fit into any form of body armour.
((You are cold-blooded and may be slowed by cold attacks.))


Message History

You hear a shout! x3
Casting: Magic Dart (safe; 1% risk of failure)
Confirm with . or Enter, or press ? or * to list all spells.
Aiming: Searing Ray (safe; 2% risk of failure)
Press: ? - help, Shift-Dir - straight line, f - Robin
Aim: Robin, wielding a +0 dagger, wearing a +0 animal skin and wearing a +0 helmet (85% to hit)
The searing ray hits Ijyb.
Ijyb is lightly wounded.
The searing ray hits the hobgoblin.
The hobgoblin is severely wounded.
The searing ray hits Robin!
Robin is heavily wounded. (Press . to maintain the ray.)
You feel sick.
Ijyb zaps a wand.
The puff of flame hits you!
* * * LOW HITPOINT WARNING * * *
The searing ray hits Ijyb!
Ijyb is heavily wounded.
The searing ray misses the hobgoblin.
The searing ray hits Robin.
Robin is almost dead.
The searing ray hits the hobgoblin.
The hobgoblin is heavily wounded.
* * * LOW HITPOINT WARNING * * *
You feel sick.
Robin roars a battlecry!
Ijyb misses you.
The searing ray hits Ijyb.
Ijyb is severely wounded.
The searing ray misses the hobgoblin.
The searing ray hits Robin.
You kill Robin!
The searing ray hits the hobgoblin.
You kill the hobgoblin!
You feel sick.
Ijyb hits you with a +0 dagger of venom.
* * * LOW HITPOINT WARNING * * *
You are more poisoned.
It was a potion of lignification.
You turn into a tree.
Your +1 hat melds into your body.
Your +0 pair of boots melds into your body.
Your roots penetrate the ground.
You die...

#.#######
#.......#
######.##
#.# #.# #.#
#.#
##########.#
#..g†)gg♣..#
#...######.#
..... ###
.... .g)


gg g You could see Ijyb (strong, very poisoned) and 2 hobgoblins.

Vanquished Creatures
  Robin (D:3)
  6 gnolls
  2 adders
  A worm (D:2)
  A dart slug (D:2)
  5 ball pythons
  4 endoplasms
  5 goblins
  6 hobgoblins
  5 kobolds
  3 quokkas
  5 bats
  2 rats
46 creatures vanquished.

Notes
Turn   | Place    | Note
-------+----------+-------------------------------------------
     0 | D:1      | drewk1942 the Draconian Conjurer began the quest for the
                  | Orb.
     0 | D:1      | Reached XP level 1. HP: 14/14 MP: 3/3
   370 | D:1      | Reached XP level 2. HP: 20/20 MP: 3/5
   459 | D:1      | Learned a level 2 spell: Searing Ray
   937 | D:2      | Reached XP level 3. HP: 26/26 MP: 1/6
  1321 | D:2      | Found a faded altar of an unknown god.
  1441 | D:2      | Reached skill level 5 in Conjurations
  1520 | D:2      | Reached XP level 4. HP: 33/33 MP: 2/8
  1639 | D:2      | Learned a level 4 spell: Fulminant Prism
  1840 | D:3      | Reached skill level 1 in Hexes
  2704 | D:3      | Noticed Robin
  2704 | D:3      | Noticed Ijyb
  2716 | D:3      | Killed Robin
  2717 | D:3      | Succumbed to Ijyb's poison

Illustrated notes

Levels and vault maps discovered:
D:1:      psy_arrival_fountain, layout_basic
D:2:      layout_loops_ring, hellmonk_ecumenical_altar_lost_god
D:3:      layout_basic, nicolae_goblin_pals

Skill      XL: |  1  2  3  4 |
---------------+-------------+-----
Conjurations   | 5 |  5.4
Hexes          | 1 |  1.2
Spellcasting   | 3 |  3.0
Dodging        | |  1.7
Stealth        | |  1.7

Action                     |  1- 3 |  4- 6 || total
---------------------------+-------+-------++-------
  Melee: Unarmed           |       |    10 ||    10
         Short sword       |       |     5 ||     5
   Cast: Magic Dart        |    46 |    40 ||    86
         Searing Ray       |     1 |     1 ||     2
    Use: Potion            |       |     1 ||     1
 Armour: Skin              |       |     3 ||     3
  Dodge: Dodged            |     4 |    11 ||    15

Table legend: (Time is in decaauts)
 A = Elapsed time spent in this place.
 B = Non-inter-level travel time spent in this place.
 C = Inter-level travel time spent in this place.
 D = Time resting spent in this place.
 E = Time spent auto-exploring this place.
 F = Levels seen in this place.
 G = Mean time per level.
                   A        B        C        D        E       F      G
               +--------+--------+--------+--------+--------+-----+--------+
         Total |   2715 |   2610 |    105 |      0 |   2389 |   3 |  905.0 |
       Dungeon |   2715 |   2610 |    105 |      0 |   2389 |   3 |  905.0 |
               +--------+--------+--------+--------+--------+-----+--------+

Top non-repeatable levels by time:
     D:2: 980 daAuts
     D:3: 916 daAuts
     D:1: 819 daAuts
